 Dungeon Crawl Stone Soup version 0.31.0-4-g52a2dc7128 (webtiles) character file.

Game seed: 16914552740073138761

541 RancidPinata the Sneak (level 7, -27/50 HPs)
             Began as an Octopode Delver on Jan 22, 2024.
             Was an Initiate of Ru.
             Annihilated by an ogre
             ... wielding a +0 giant spiked club
              (30 damage)
             ... on level 6 of the Dungeon.
             The game lasted 00:09:22 (1624 turns).

RancidPinata the Sneak (Octopode Delver)            Turns: 1624, Time: 00:09:26

Health: -27/50     AC:  1    Str: 11    XL:     7   Next: 26%
Magic:  7/7        EV: 15    Int: 13    God:    Ru [......]
Gold:   70         SH:  0    Dex: 15    Spells: 6/6 levels left

rFire   . . .        i - +4 short sword
rCold   . . .        (no shield)
rNeg    . . .        (helmet restricted)
rPois   .            (no amulet)
rElec   .            (no ring)
rCorr   .            (no ring)
SInv    .            (no ring)
Will    .....        (no ring)
Stlth   +++++        (no ring)
HPRegen 0.28/turn    (no ring)
MPRegen 0.10/turn    (no ring)
                     (no ring)

%: no passive effects
@: no status effects
A: almost no armour, amphibious, 8 rings, camouflage 1, gelatinous body 1,
(nimble swimmer 1), tentacles
a: Renounce Religion


You were on level 6 of the Dungeon.
You worshipped Ru.
Ru was noncommittal.
You visited 2 branches of the dungeon, and saw 3 of its levels.
You also visited: Sewer.

You collected 70 gold pieces.

Inventory:

Hand Weapons
 a - a +0 short sword
 i - a +4 short sword (weapon)
Missiles
 j - 16 stones (quivered)
 p - 3 poisoned darts
Wands
 f - a wand of digging (3)
Scrolls
 b - a scroll of fog
 c - a scroll of revelation
 d - 2 scrolls of fear
 g - 2 scrolls of teleportation {unknown}
 h - 2 scrolls of enchant weapon {unknown}
 k - 2 scrolls of butterflies {unknown}
 l - a scroll of acquirement {unknown}
Potions
 e - 3 potions of haste
 m - a potion of mutation {unknown}
 n - a potion of attraction {unknown}
 o - a potion of might {unknown}


   Skills:
 * Level 5.2 Fighting
 + Level 3.5 Short Blades
 * Level 4.7 Dodging
 + Level 7.9 Stealth


You had 6 spell levels left.
You didn't know any spells.
Your spell library was empty.

Dungeon Overview and Level Annotations

Branches:
Dungeon (6/15)             Temple (1/1) D:6           Sewer (visited)

Altars:
Ashenzari
Cheibriados
Dithmenos
Elyvilon
Fedhas
Gozag
Kikubaaqudgha
Makhleb
Nemelex Xobeh
Okawaru
Qazlal
Ru
Sif Muna
Trog
Uskayaw
Vehumet
Wu Jian
Xom
Zin
The Shining One

Annotations:
D:6 2 runed translucent doors, VoidStrider's ghost, novice TeAE


Innate Abilities, Weirdness & Mutations

You cannot wear most types of armour.
You are amphibious.
You can wear up to eight rings at the same time.
Your skin changes colour to match your surroundings (Stealth+).
Your rubbery body absorbs attacks. (AC +1, EV +1)
((You are camouflaged when in or above water. (Stealth+)))
You have tentacles for arms and can constrict up to eight enemies at once.


Message History

The centaur is almost dead.
The centaur barely misses you. The centaur closely misses you.
You hit the centaur.
You kill the centaur!
You start resting.
HP restored.
Found a stone staircase leading up.
An ogre comes into view. It is wielding a +0 giant spiked club.
Found 2 poisoned darts.
There is a stone staircase leading up here.
Found a leather armour.
The ogre shouts!
The ogre hits you with a +0 giant spiked club!!
Ouch! That really hurt!
You see here 2 poisoned darts.
You hit the ogre.
The ogre is lightly wounded.
You barely miss the ogre.
The ogre is lightly wounded.
The ogre hits you with a +0 giant spiked club!!
* * * LOW HITPOINT WARNING * * *
You barely miss the ogre. You squeeze the ogre.
The ogre is moderately wounded.
You hit the ogre.
The ogre is moderately wounded.
The ogre closely misses you.
You hit the ogre.
The ogre is heavily wounded.
You hit the ogre but do no damage.
The ogre is heavily wounded.
The ogre misses you.
You hit the ogre.
The ogre is heavily wounded.
You barely miss the ogre.
You tentacle-slap the ogre, but do no damage.
You squeeze the ogre.
The ogre is severely wounded.
The ogre hits you with a +0 giant spiked club!!
Ouch! That really hurt!
You die...

# .# # .# #.# ##
###.##... .[
......# #######.##
......#.... .....##
......#.. ###....#
b#....... #...O..#
.##.#.##. #.#.#@.#
......# #.#.#..#
###'####.###.#.#..#
##...###........<.#
#..[..######.######
.......## #..##
........####...##
........'.......#
........####...###


You could see an ogre.

Vanquished Creatures
  A sky beast (D:6)
  A centaur (D:6)
  2 brain worms (Sewer)
  A kobold brigand (D:6)
  A hound (D:6)
  2 jellies (D:6)
  6 adders
  A river rat (Sewer)
  A white imp (D:6)
  5 kobolds (D:6)
  3 ball pythons (Sewer)
  7 frilled lizards (Sewer)
  3 rats (Sewer)
34 creatures vanquished.

Notes
Turn   | Place    | Note
-------+----------+-------------------------------------------
     0 | D:5      | RancidPinata the Octopode Delver began the quest for the
                  | Orb.
     0 | D:5      | Reached XP level 1. HP: 16/16 MP: 1/1
    41 | D:6      | Reached XP level 2. HP: 14/21 MP: 2/2
    73 | D:6      | Noticed a bombardier beetle
    98 | D:6      | Reached XP level 3. HP: 26/26 MP: 3/3
   158 | D:6      | Noticed a kobold brigand
   172 | D:6      | Killed a kobold brigand
   173 | D:6      | Reached skill level 7 in Stealth
   173 | D:6      | Reached XP level 4. HP: 12/33 MP: 4/4
   268 | D:6      | Reached XP level 5. HP: 32/37 MP: 5/5
   297 | D:6      | Identified the +3 leather armour "Cofifon" {Rampage Dex-2
                  | Slay+3}
   317 | D:6      | Found a staircase to the Ecumenical Temple.
   324 | Temple   | Entered the Ecumenical Temple
   364 | Temple   | Became a worshipper of Ru the Awakened
   449 | D:6      | Noticed a centaur
   504 | D:6      | Noticed a sky beast
   518 | D:6      | Killed a sky beast
   519 | D:6      | Reached XP level 6. HP: 16/44 MP: 6/6
   557 | D:6      | Found a glowing drain.
   567 | Sewer    | Entered a sewer
   804 | Sewer    | Reached skill level 5 in Fighting
  1072 | D:6      | Found a runed translucent door.
  1078 | D:6      | Noticed VoidStrider's ghost (novice TeAE)
  1125 | D:6      | Found a runed translucent door.
  1298 | D:6      | Reached XP level 7. HP: 44/50 MP: 7/7
  1618 | D:6      | HP: 2/50 [ogre/+0 giant spiked club (20)]
  1624 | D:6      | Annihilated by an ogre

Illustrated notes

Levels and vault maps discovered:
D:5:      lemuel_ice_spiral_2, layout_basic
D:6:      layout_loops_corners, minmay_temple_entry_butterflies,
          ebering_ghost_sewer_f, portal_sewer_entry_d
Temple:   mainiacjoe_temple_cubbyholes

Skill      XL: |  1  2  3  4  5  6 |
---------------+-------------------+-----
Fighting       | 4 5 |  5.2
Dodging        | 3 4 |  4.7
Stealth        | 7 |  7.9
Short Blades   | 3 |  3.5

Action                     |  1- 3 |  4- 6 |  7- 9 || total
---------------------------+-------+-------+-------++-------
  Melee: Short sword       |    17 |    56 |    19 ||    92
         Constrict         |     3 |    10 |       ||    13
         Tentacles         |     3 |    14 |     4 ||    21
         Punch             |       |       |     1 ||     1
    Use: Scroll            |       |     1 |       ||     1
   Stab: Sleeping          |     2 |    10 |       ||    12
 Armour: Skin              |     5 |    12 |    12 ||    29
  Dodge: Dodged            |     7 |    25 |    22 ||    54
